[Event "2nd Asian Nations Team Cup U14 2019"]
[Site "Shenzhen"]
[Date "2019.12.21"]
[Round "3.14"]
[White "Xue, Haowen"]
[Black "Foo, Jiu Yarng Clarance"]
[Result "1-0"]
[ECO "B99"]
[WhiteElo "1909"]
[BlackElo "1654"]
[Annotator "NA RC"]
[PlyCount "113"]
[EventDate "2019.12.19"]
[EventType "team-tourn"]
[EventCountry "CHN"]
[SourceTitle "playchess.com"]
[Source "ChessBase"]
[SourceQuality "1"]
[TimeControl "5400+30"]

1. e4 c5 2. Nf3 d6 3. d4 cxd4 4. Nxd4 Nf6 5. Nc3 a6 6. Bg5 Nbd7 7. f4 e6 8. Qf3 Qc7 9. O-O-O b5 10. Bd3 Bb7 11. Rhe1 Be7 12. Qg3 b4 13. Nd5 exd5 14. exd5 Nc5 15. Nf5 Nxd3+ 16. Qxd3 O-O-O 17. Rxe7 Rd7 18. Bxf6 gxf6 19. Rxd7 Qxd7 20. Re1 Kb8 21. Re7 Qd8 22. Qd4 Re8 23. Qxf6 Rxe7 24. Qxe7 Qxe7 25. Nxe7 Kc7 26. Nc6 Bc8 27. Nxb4 a5 28. Nc6 a4 29. Kd2 Bf5 30. c4 Kb6 31. Kc3 Bb1 32. Nb4 Be4 33. g4 Bf3 34. g5 Bg4 35. h4 Bf5 36. b3 Bd7 37. Nc6 axb3 38. axb3 Be8 39. b4 Bd7 40. Kd4 Bh3 41. Nd8 Bg4 42. Nxf7 Kc7 43. Nh6 Bh5 44. f5 Kd7 45. Ng8 Bf7 46. Nf6+ Ke7 47. Nxh7 Be8 48. g6 Bd7 49. f6+ Kd8 50. g7 Kc7 51. g8=Q Bf5 52. f7 Kb6 53. Qb8+ Ka6 54. Qxd6+ Ka7 55. f8=Q Bc8 56. Qc5+ Ka6 57. Qfxc8# 1-0

[Event "2nd Asian Nations Team Cup U14 2019"]
[Site "Shenzhen"]
[Date "2019.12.21"]
[Round "3.15"]
[White "Lee, Ryan"]
[Black "Lu, Miaoyi"]
[Result "1/2-1/2"]
[ECO "D10"]
[WhiteElo "1615"]
[BlackElo "1787"]
[Annotator "NA RC"]
[PlyCount "136"]
[EventDate "2019.12.19"]
[EventType "team-tourn"]
[EventCountry "CHN"]
[SourceTitle "playchess.com"]
[Source "ChessBase"]
[SourceQuality "1"]
[TimeControl "5400+30"]

1. d4 d5 2. c4 c6 3. Nc3 Nf6 4. e3 Bf5 5. cxd5 cxd5 6. Qb3 Nc6 7. Qxb7 Bd7 8. Nb5 Rc8 9. Nf3 e6 10. Bd2 Rb8 11. Qa6 Rb6 12. Qa4 a6 13. Nc3 Rxb2 14. Qd1 Nb4 15. Rc1 Nxa2 16. Nxa2 Rxa2 17. Ra1 Rxa1 18. Qxa1 Bb5 19. Bxb5+ axb5 20. Qa6 b4 21. Qc6+ Nd7 22. Ne5 Be7 23. O-O f6 24. Nxd7 Qxd7 25. Qa8+ Qd8 26. Qa4+ Qd7 27. Qa8+ Qd8 28. Qa4+ Kf7 29. Bxb4 Bxb4 30. Qxb4 Qb8 31. Rb1 Qxb4 32. Rxb4 Ra8 33. f4 Ra7 34. Rb6 f5 35. Kf2 Kf6 36. Kf3 h6 37. h4 Ra1 38. Kf2 Rh1 39. g3 g6 40. Ra6 Rh2+ 41. Kf3 h5 42. Ra7 Rb2 43. Rc7 Ra2 44. Rb7 Ra1 45. Rc7 Rf1+ 46. Kg2 Re1 47. Kf2 Rb1 48. Kf3 Rb6 49. Ra7 Rb1 50. Rc7 Ra1 51. Rb7 Rg1 52. Kf2 Rc1 53. Kf3 Rc4 54. Ra7 Rc8 55. Rb7 Ra8 56. Rc7 Rb8 57. Ra7 Rb4 58. Rc7 Rc4 59. Ra7 Rc1 60. Rb7 Rh1 61. Kg2 Rd1 62. Kf3 Rd2 63. Ra7 Rh2 64. Rb7 Rd2 65. Ra7 Rh2 66. Rb7 Rd2 67. Ra7 Rh2 68. Rb7 Rd2 {[%emt 0:00:08] Ke4 Ke5+} 1/2-1/2

[Event "2nd Asian Nations Team Cup U14 2019"]
[Site "Shenzhen"]
[Date "2019.12.21"]
[Round "3.16"]
[White "Wu, Yixing"]
[Black "Foo, Jing Er Claire"]
[Result "1-0"]
[ECO "E04"]
[WhiteElo "1767"]
[BlackElo "1546"]
[Annotator "NA RC"]
[PlyCount "47"]
[EventDate "2019.12.19"]
[EventType "team-tourn"]
[EventCountry "CHN"]
[SourceTitle "playchess.com"]
[Source "ChessBase"]
[SourceQuality "1"]
[TimeControl "5400+30"]

1. Nf3 d5 2. g3 c5 3. Bg2 Nf6 4. O-O Nc6 5. d4 e6 6. c4 dxc4 7. dxc5 Bxc5 8. Qa4 O-O 9. Qxc4 Bb6 10. Nc3 Qe7 11. Qh4 Bd8 12. Rd1 Qe8 13. Bg5 Be7 14. Nb5 Bd8 15. Nd6 Qe7 16. Ne4 Kh8 17. Rxd8 Qxd8 18. Nxf6 gxf6 19. Bxf6+ Qxf6 20. Qxf6+ Kg8 21. Ng5 Nd8 22. Be4 Re8 23. Bxh7+ Kf8 24. Rd1 1-0

[Event "2nd Asian Nations Team Cup U14 2019"]
[Site "Shenzhen"]
[Date "2019.12.21"]
[Round "3.19"]
[White "Temuujin, Kherlen"]
[Black "Ebrahimi Herab, Hamidreza"]
[Result "0-1"]
[ECO "A30"]
[WhiteElo "1711"]
[BlackElo "2053"]
[Annotator "NA RC"]
[PlyCount "96"]
[EventDate "2019.12.19"]
[EventType "team-tourn"]
[EventCountry "CHN"]
[SourceTitle "playchess.com"]
[Source "ChessBase"]
[SourceQuality "1"]
[TimeControl "5400+30"]

1. c4 Nf6 2. Nf3 g6 3. b3 Bg7 4. Bb2 O-O 5. g3 c5 6. Bg2 Nc6 7. d4 d5 8. dxc5 dxc4 9. O-O Bf5 10. Nbd2 cxb3 11. axb3 Qc7 12. Ra4 Rfd8 13. Qa1 Ne8 14. Bxg7 Nxg7 15. e4 Bg4 16. Qc3 e5 17. b4 Ne6 18. Nc4 Ncd4 19. Kh1 Bxf3 20. Bxf3 Nxf3 21. Qxf3 b5 22. cxb6 Qxc4 23. Rfa1 a6 24. h4 Nd4 25. Qf6 Qe6 26. Qxe6 Nxe6 27. Rxa6 Rxa6 28. Rxa6 Rb8 29. Kg2 Nd4 30. Ra5 f6 31. Ra6 Nc2 32. b7 Rxb7 33. Rxf6 Rxb4 34. f3 Nd4 35. h5 Kg7 36. Ra6 Rb2+ 37. Kf1 Nxf3 38. hxg6 hxg6 39. Ra3 Nd2+ 40. Kg1 Nxe4 41. Re3 Rb4 42. Kg2 Kf6 43. Kg1 Kf5 44. Kg2 Kg4 45. Re2 g5 46. Re3 Rb2+ 47. Kg1 Nxg3 48. Rxe5 Kh3 0-1

[Event "2nd Asian Nations Team Cup U14 2019"]
[Site "Shenzhen"]
[Date "2019.12.21"]
[Round "3.20"]
[White "Khorshidi, Mohammad Javad"]
[Black "Angar, Zoljargal"]
[Result "1-0"]
[ECO "D14"]
[WhiteElo "2094"]
[BlackElo "1696"]
[Annotator "NA RC"]
[PlyCount "59"]
[EventDate "2019.12.19"]
[EventType "team-tourn"]
[EventCountry "CHN"]
[SourceTitle "playchess.com"]
[Source "ChessBase"]
[SourceQuality "1"]
[TimeControl "5400+30"]

1. d4 d5 2. c4 c6 3. cxd5 cxd5 4. Bf4 Nc6 5. e3 Nf6 6. Nc3 Bf5 7. Nf3 e6 8. Bb5 Nd7 9. Qa4 Qb6 10. Nh4 Bg6 11. Nxg6 hxg6 12. e4 Bb4 13. exd5 Bxc3+ 14. bxc3 exd5 15. O-O O-O 16. Rab1 Nf6 17. Bd3 Qa5 18. Qb3 Rac8 19. Rfc1 b6 20. Bd6 b5 21. Bxf8 Rxf8 22. Qxb5 Qc7 23. g3 Ne7 24. Qb7 Qd6 25. Qxa7 Nf5 26. Rb6 Qd8 27. Bxf5 gxf5 28. Rcb1 Kh7 29. Rb8 Qd6 30. R1b6 1-0

[Event "2nd Asian Nations Team Cup U14 2019"]
[Site "Shenzhen"]
[Date "2019.12.21"]
[Round "4.1"]
[White "Yin, Richard"]
[Black "Daneshvar, Bardiya"]
[Result "0-1"]
[ECO "C16"]
[WhiteElo "1427"]
[BlackElo "2330"]
[Annotator "RC"]
[PlyCount "74"]
[EventDate "2019.12.19"]
[EventType "team-tourn"]
[EventCountry "CHN"]
[SourceTitle "playchess.com"]
[Source "ChessBase"]
[SourceQuality "1"]
[TimeControl "5400+30"]

1. e4 e6 2. d4 d5 3. Nc3 Bb4 4. e5 b6 5. Qg4 Kf8 6. a3 Bxc3+ 7. bxc3 Ne7 8. Qh4 Ba6 9. Nh3 Bxf1 10. Rxf1 c5 11. Be3 Nbc6 12. g4 Kg8 13. f4 h5 14. Ng5 Qe8 15. Rg1 hxg4 16. Qxg4 Nf5 17. Bf2 cxd4 18. cxd4 Nce7 19. h3 Qc6 20. O-O-O Rc8 21. Qe2 Qa4 22. Kb2 Nc6 23. c3 Na5 24. Qc2 Nc4+ 25. Kc1 Qxa3+ 26. Kb1 Nce3 27. Bxe3 Nxe3 28. Qb2 Qxb2+ 29. Kxb2 Nxd1+ 30. Rxd1 Rh4 31. Rf1 g6 32. Ra1 a5 33. Rf1 Rc4 34. Rf3 b5 35. Kb3 b4 36. cxb4 axb4 37. Rd3 Rxf4 0-1

[Event "2nd Asian Nations Team Cup U14 2019"]
[Site "Shenzhen"]
[Date "2019.12.21"]
[Round "4.3"]
[White "Li, Yucheng Robinson"]
[Black "Ebrahimi Herab, Hamidreza"]
[Result "0-1"]
[ECO "C44"]
[WhiteElo "1185"]
[BlackElo "2053"]
[Annotator "NA RC"]
[PlyCount "90"]
[EventDate "2019.12.19"]
[EventType "team-tourn"]
[EventCountry "CHN"]
[SourceTitle "playchess.com"]
[Source "ChessBase"]
[SourceQuality "1"]
[TimeControl "5400+30"]

1. e4 e5 2. Nf3 Nc6 3. d4 exd4 4. c3 Nf6 5. e5 Ne4 6. cxd4 d5 7. Nc3 Bb4 8. Qc2 O-O 9. a3 Ba5 10. Bd3 f5 11. O-O Be6 12. Ne2 Bb6 13. b4 h6 14. Bb2 g5 15. Nd2 Qe8 16. f4 gxf4 17. Rxf4 Nxe5 18. Kh1 Ng6 19. Rff1 Qe7 20. Nf3 Bd7 21. Qc1 f4 22. Ne5 Nxe5 23. Bxe4 dxe4 24. dxe5 Be3 25. Qc4+ Qe6 26. Qxe6+ Bxe6 27. Bd4 Bc4 28. Bxe3 fxe3 29. Rfe1 Rf2 30. Ng3 e2 31. Kg1 Raf8 32. Rac1 Bd3 33. h3 e3 34. h4 h5 35. e6 R8f4 36. e7 Kf7 37. Rc3 Rf1+ 38. Nxf1 exf1=Q+ 39. Rxf1 Rxf1+ 40. Kh2 e2 41. Rxd3 e1=Q 42. e8=Q+ Kxe8 43. Re3+ Qxe3 44. g4 Qf2+ 45. Kh3 Rh1# 0-1

[Event "2nd Asian Nations Team Cup U14 2019"]
[Site "Shenzhen"]
[Date "2019.12.21"]
[Round "4.4"]
[White "Khorshidi, Mohammad Javad"]
[Black "Huang, Yuen Tung"]
[Result "1-0"]
[ECO "A30"]
[WhiteElo "2094"]
[BlackElo "1293"]
[Annotator "NA RC"]
[PlyCount "93"]
[EventDate "2019.12.19"]
[EventType "team-tourn"]
[EventCountry "CHN"]
[SourceTitle "playchess.com"]
[Source "ChessBase"]
[SourceQuality "1"]
[TimeControl "5400+30"]

1. Nf3 c5 2. c4 Nc6 3. d4 e6 4. d5 exd5 5. cxd5 Nce7 6. Nc3 d6 7. e4 a6 8. a4 Bg4 9. Be2 Nf6 10. O-O Ng6 11. Nd2 Bxe2 12. Qxe2 Be7 13. Nc4 O-O 14. a5 Nd7 15. f4 f6 16. Rf3 Qc7 17. Rh3 Rfe8 18. Bd2 Ndf8 19. Qh5 Bd8 20. Nb6 Rb8 21. f5 Qf7 22. fxg6 Qxg6 23. Qxg6 Nxg6 24. Nc4 Bc7 25. Be1 Ne5 26. Nxe5 fxe5 27. Na4 Rf8 28. Rf3 g6 29. b4 cxb4 30. Bxb4 Rbd8 31. Rc1 Rd7 32. Rxf8+ Kxf8 33. Rxc7 Rxc7 34. Bxd6+ Re7 35. Nc5 Ke8 36. Bxe7 Kxe7 37. Nxb7 Kd7 38. Nc5+ Kc8 39. Nxa6 h5 40. Nc5 g5 41. d6 Kb8 42. a6 g4 43. d7 Kc7 44. a7 h4 45. a8=Q Kd6 46. Qd5+ Kc7 47. d8=Q# 1-0

[Event "2nd Asian Nations Team Cup U14 2019"]
[Site "Shenzhen"]
[Date "2019.12.21"]
[Round "4.5"]
[White "Li, Shanglin"]
[Black "Batbold, Nyamsuren"]
[Result "1/2-1/2"]
[ECO "D30"]
[WhiteElo "2020"]
[BlackElo "1963"]
[Annotator "NA RC"]
[PlyCount "104"]
[EventDate "2019.12.19"]
[EventType "team-tourn"]
[EventCountry "CHN"]
[SourceTitle "playchess.com"]
[Source "ChessBase"]
[SourceQuality "1"]
[TimeControl "5400+30"]

1. d4 d5 2. c4 c6 3. Nf3 Nf6 4. e3 e6 5. Bd3 Bd6 6. Nbd2 Nbd7 7. O-O O-O 8. Qe2 e5 9. cxd5 cxd5 10. dxe5 Nxe5 11. Nxe5 Bxe5 12. h3 Be6 13. Nf3 Bd6 14. b3 Rc8 15. Bb2 Ne4 16. Rfd1 Nc3 17. Bxc3 Rxc3 18. Rac1 Qc7 19. Rxc3 Qxc3 20. Qc2 Qxc2 21. Bxc2 Rc8 22. Bd3 Kf8 23. Kf1 h6 24. Ke2 Ke7 25. g4 a6 26. Rg1 b5 27. h4 g6 28. Nd4 Bd7 29. f3 Be5 30. Kd2 Bxd4 31. exd4 Kd6 32. Re1 Re8 33. Rh1 Rf8 34. Rg1 Rh8 35. Ra1 Rb8 36. a3 Rf8 37. Rg1 Rh8 38. Rc1 Rc8 39. Re1 Re8 40. Rh1 Rh8 41. Ra1 Rb8 42. Bc2 Rh8 43. b4 Rc8 44. Bd3 Ra8 45. Rb1 Rc8 46. Rh1 Ra8 47. h5 g5 48. Rb1 f6 49. Kc3 Re8 50. Kd2 Ra8 51. Kc3 Re8 52. Kd2 Ra8 1/2-1/2

[Event "2nd Asian Nations Team Cup U14 2019"]
[Site "Shenzhen"]
[Date "2019.12.21"]
[Round "4.6"]
[White "Erkhes, Bayartnar"]
[Black "Wang, Xiaozhi"]
[Result "1-0"]
[ECO "B40"]
[WhiteElo "1937"]
[BlackElo "1872"]
[Annotator "NA RC"]
[PlyCount "91"]
[EventDate "2019.12.19"]
[EventType "team-tourn"]
[EventCountry "CHN"]
[SourceTitle "playchess.com"]
[Source "ChessBase"]
[SourceQuality "1"]
[TimeControl "5400+30"]

1. e4 c5 2. Nf3 e6 3. g3 Nc6 4. Bg2 Nf6 5. Qe2 d5 6. e5 Nd7 7. c3 c4 8. b3 b5 9. a4 Na5 10. Nd4 Nc5 11. O-O Ncxb3 12. Nxb3 Nxb3 13. Ra2 bxa4 14. Rxa4 Bd7 15. Ra2 Nxc1 16. Rxc1 Be7 17. d3 Bb5 18. d4 O-O 19. Nd2 a5 20. Rb1 Qd7 21. f4 a4 22. g4 Rfb8 23. f5 Bf8 24. Rf1 a3 25. f6 g6 26. Nf3 Ba4 27. Qd2 Rb3 28. Ng5 Rab8 29. Nxh7 Kxh7 30. Rf3 Qb5 31. Rh3+ Kg8 32. Qg5 Rb1+ 33. Kf2 Qb3 34. Qh4 Rb2+ 35. Kg1 Rb1+ 36. Kf2 Qxa2+ 37. Kg3 Qxg2+ 38. Kxg2 R8b2+ 39. Kg3 Rg1+ 40. Kf4 Rf1+ 41. Ke3 Bh6+ 42. Qxh6 Re1+ 43. Kf4 Re4+ 44. Kg5 Rxg4+ 45. Kxg4 Bd1+ 46. Kh4 1-0

[Event "2nd Asian Nations Team Cup U14 2019"]
[Site "Shenzhen"]
[Date "2019.12.21"]
[Round "4.7"]
[White "Lu, Miaoyi"]
[Black "Angar, Zoljargal"]
[Result "0-1"]
[ECO "D30"]
[WhiteElo "1787"]
[BlackElo "1696"]
[Annotator "NA RC"]
[PlyCount "76"]
[EventDate "2019.12.19"]
[EventType "team-tourn"]
[EventCountry "CHN"]
[SourceTitle "playchess.com"]
[Source "ChessBase"]
[SourceQuality "1"]
[TimeControl "5400+30"]

1. d4 d5 2. c4 c6 3. Nf3 Nf6 4. e3 e6 5. b3 Nbd7 6. Bb2 Be7 7. Bd3 Ne4 8. O-O O-O 9. Nbd2 f5 10. Qc2 Bd6 11. Ne5 Qf6 12. f4 g5 13. c5 Bc7 14. b4 Bxe5 15. fxe5 Qh6 16. Rae1 g4 17. g3 Ng5 18. a4 Qg6 19. b5 h5 20. Kg2 Kg7 21. Qc3 a5 22. bxc6 bxc6 23. Nb3 Nf3 24. Rb1 Ba6 25. Bxa6 Rxa6 26. Nd2 Ng5 27. Ba3 Ra7 28. Rb6 Rc8 29. Rfb1 Qh7 30. Rb7 Rca8 31. Qc1 h4 32. Qh1 Kg8 33. Bc1 Kf8 34. Ba3 Ke8 35. Rxa7 Rxa7 36. Kf2 f4 37. gxf4 Qd3 38. Bc1 Nh3+ 0-1

[Event "2nd Asian Nations Team Cup U14 2019"]
[Site "Shenzhen"]
[Date "2019.12.21"]
[Round "4.8"]
[White "Ulziikhishig Khishigbat"]
[Black "Wu, Yixing"]
[Result "0-1"]
[ECO "D86"]
[WhiteElo "1525"]
[BlackElo "1767"]
[Annotator "NA RC"]
[PlyCount "182"]
[EventDate "2019.12.19"]
[EventType "team-tourn"]
[EventCountry "CHN"]
[SourceTitle "playchess.com"]
[Source "ChessBase"]
[SourceQuality "1"]
[TimeControl "5400+30"]

1. d4 Nf6 2. c4 g6 3. Nc3 d5 4. cxd5 Nxd5 5. e4 Nxc3 6. bxc3 Bg7 7. Bc4 c5 8. Ne2 cxd4 9. cxd4 Nc6 10. Bb2 O-O 11. O-O Na5 12. Bd3 b6 13. Rc1 Bb7 14. Bc3 Nc6 15. d5 Ne5 16. f4 Nxd3 17. Qxd3 Bxc3 18. Rxc3 Qd7 19. Rfc1 Rac8 20. h3 Rxc3 21. Rxc3 f5 22. Qc2 fxe4 23. Rc7 Qxd5 24. Nc3 Qd4+ 25. Kh2 Ba8 26. Rxe7 Qf6 27. Rxa7 Qxf4+ 28. g3 Qf6 29. Nd1 Qd4 30. Qc3 Qxc3 31. Nxc3 Re8 32. Nd1 Bc6 33. Ne3 Rd8 34. Kg1 Bb5 35. Rb7 Rd3 36. Kf2 Rd2+ 37. Kg1 Rxa2 38. Rxb6 Bd3 39. Rb7 h5 40. Nd5 Ra1+ 41. Kf2 Rf1+ 42. Kg2 Rf3 43. Nf4 Bf1+ 44. Kh2 e3 45. Re7 h4 46. gxh4 Rxf4 47. Kg3 Rf5 48. Rxe3 Bc4 49. Re7 Bf7 50. Kg4 Kg7 51. Ra7 Kf6 52. Ra3 Be6 53. Kg3 Rb5 54. Rf3+ Bf5 55. Ra3 Ke5 56. Re3+ Kd4 57. Ra3 Rd5 58. Kf4 Bd3 59. Ra4+ Bc4 60. Rb4 Kc5 61. Rb2 Bf1 62. Kg4 Rf5 63. Rd2 Kc4 64. Rd6 Be2+ 65. Kg3 Bh5 66. Rc6+ Kd4 67. Rd6+ Ke4 68. Re6+ Re5 69. Ra6 Kf5 70. Ra3 Rd5 71. Re3 Rb5 72. Ra3 Bd1 73. Ra1 Rb3+ 74. Kh2 Rd3 75. Ra5+ Kf4 76. Ra2 Re3 77. Ra6 Re2+ 78. Kg1 Bc2 79. Ra3 Be4 80. Rc3 Re3 81. Rc5 Rxh3 82. h5 Rxh5 83. Rc8 g5 84. Kf2 Rh2+ 85. Kg1 Rc2 86. Rd8 g4 87. Rd1 Rg2+ 88. Kf1 Rh2 89. Re1 Rh1+ 90. Kf2 g3+ 91. Ke2 g2 0-1

[Event "2nd Asian Nations Team Cup U14 2019"]
[Site "Shenzhen"]
[Date "2019.12.21"]
[Round "4.9"]
[White "Jin Yueheng"]
[Black "Yeoh, Yuan Hui"]
[Result "1-0"]
[ECO "D10"]
[WhiteElo "1924"]
[BlackElo "1738"]
[Annotator "NA RC"]
[PlyCount "131"]
[EventDate "2019.12.19"]
[EventType "team-tourn"]
[EventCountry "CHN"]
[SourceTitle "playchess.com"]
[Source "ChessBase"]
[SourceQuality "1"]
[TimeControl "5400+30"]

1. d4 d5 2. c4 c6 3. cxd5 cxd5 4. Bf4 Nc6 5. e3 Nf6 6. Nc3 Bf5 7. Qb3 Na5 8. Qa4+ Bd7 9. Qc2 Rc8 10. Bd3 e6 11. Rc1 Be7 12. Nf3 Nc6 13. Qe2 a6 14. h3 O-O 15. O-O b5 16. a3 Qb6 17. Bb1 Rfd8 18. Ne5 Be8 19. Qd3 g6 20. Qe2 Kg7 21. Bd3 Na5 22. Na2 Nc4 23. Rc2 Qb7 24. Rfc1 Qa8 25. a4 Nd7 26. Nxd7 Bxd7 27. b3 Na3 28. Rxc8 Rxc8 29. axb5 Rxc1+ 30. Nxc1 Qc8 31. Qb2 Bxb5 32. Bxb5 axb5 33. Na2 Qc2 34. Qxc2 Nxc2 35. Nc3 Na1 36. Nxb5 Nxb3 37. Kf1 Kf8 38. Ke2 Ke8 39. Kd3 Kd7 40. Nc3 Bd6 41. Bxd6 Kxd6 42. Ne2 Na5 43. Ng1 Nc6 44. Nf3 f6 45. Nd2 Na5 46. Kc3 Nc6 47. Nb3 Kd7 48. Nc5+ Kd6 49. Nd3 e5 50. Nb4 Na5 51. Nc2 Nc6 52. Kb3 Na5+ 53. Kb4 Nc4 54. Kc3 Nb6 55. Na3 Kc6 56. Kb4 Nd7 57. Ka5 Nf8 58. Nc2 Ne6 59. Kb4 exd4 60. Nxd4+ Nxd4 61. exd4 Kb6 62. h4 g5 63. hxg5 fxg5 64. g4 h6 65. f3 Kc6 66. Ka5 1-0

[Event "2nd Asian Nations Team Cup U14 2019"]
[Site "Shenzhen"]
[Date "2019.12.21"]
[Round "4.10"]
[White "Foo, Jiu Yarng Clarance"]
[Black "Zhang, Di"]
[Result "0-1"]
[ECO "D20"]
[WhiteElo "1654"]
[BlackElo "2013"]
[Annotator "NA RC"]
[PlyCount "80"]
[EventDate "2019.12.19"]
[EventType "team-tourn"]
[EventCountry "CHN"]
[SourceTitle "playchess.com"]
[Source "ChessBase"]
[SourceQuality "1"]
[TimeControl "5400+30"]

1. d4 d5 2. c4 dxc4 3. e4 b5 4. a4 c6 5. axb5 cxb5 6. Nc3 Bb7 7. Nxb5 e6 8. Nc3 Nf6 9. f3 Nc6 10. Be3 Qb6 11. Qd2 Qb3 12. Be2 Rd8 13. Ra4 Nb4 14. Bd1 Qxb2 15. Qxb2 Nd3+ 16. Ke2 Nxb2 17. Rxa7 Nxd1 18. Kxd1 Rd7 19. Ra4 Rc7 20. Nge2 Be7 21. Nb5 Rc8 22. Ra7 Bc6 23. Nc7+ Kf8 24. Nc3 Rb8 25. Kc2 h6 26. d5 exd5 27. exd5 Bd7 28. Bf4 Bf5+ 29. Kc1 Bb4 30. N3b5 Bd3 31. Na6 Rxb5 32. Ra8+ Ke7 33. Rxh8 Ba3+ 34. Kd2 Rb2+ 35. Kc3 Nxd5+ 36. Kd4 Nxf4 37. Rc8 Ne6+ 38. Kd5 Rb5+ 39. Nc5 Bxc5 40. h4 Ba3+ {[%emt 0:00:15] Kd4} 0-1

[Event "2nd Asian Nations Team Cup U14 2019"]
[Site "Shenzhen"]
[Date "2019.12.21"]
[Round "4.11"]
[White "Xiao, Tong"]
[Black "Lee, Ryan"]
[Result "1-0"]
[ECO "B35"]
[WhiteElo "1925"]
[BlackElo "1615"]
[Annotator "NA RC"]
[PlyCount "67"]
[EventDate "2019.12.19"]
[EventType "team-tourn"]
[EventCountry "CHN"]
[SourceTitle "playchess.com"]
[Source "ChessBase"]
[SourceQuality "1"]
[TimeControl "5400+30"]

1. e4 c5 2. Nf3 Nc6 3. d4 cxd4 4. Nxd4 g6 5. Nc3 Bg7 6. Be3 Nf6 7. Bc4 Qa5 8. O-O O-O 9. Bb3 a6 10. f3 b5 11. Nxc6 dxc6 12. e5 Nd7 13. e6 Nf6 14. exf7+ Kh8 15. Qe1 b4 16. Na4 Nd7 17. a3 c5 18. axb4 Qxb4 19. Nxc5 Qxe1 20. Raxe1 Rb8 21. Nxd7 Bxd7 22. Bc5 Rfc8 23. Bxe7 Bb5 24. Rf2 Bd4 25. Kh1 Kg7 26. Rd2 Bxb2 27. Rd6 Ba3 28. f8=Q+ Rxf8 29. Bxf8+ Rxf8 30. Rd5 Rc8 31. h4 Bc4 32. Rd7+ Kh6 33. Bxc4 Rxc4 34. g4 1-0

[Event "2nd Asian Nations Team Cup U14 2019"]
[Site "Shenzhen"]
[Date "2019.12.21"]
[Round "4.12"]
[White "Foo, Jing Er Claire"]
[Black "Chen, Yuan"]
[Result "0-1"]
[ECO "E12"]
[WhiteElo "1546"]
[BlackElo "2056"]
[Annotator "NA RC"]
[PlyCount "152"]
[EventDate "2019.12.19"]
[EventType "team-tourn"]
[EventCountry "CHN"]
[SourceTitle "playchess.com"]
[Source "ChessBase"]
[SourceQuality "1"]
[TimeControl "5400+30"]

1. d4 Nf6 2. c4 e6 3. Nf3 b6 4. a3 Bb7 5. Nc3 d5 6. Bg5 Be7 7. e3 O-O 8. cxd5 exd5 9. Bd3 Nbd7 10. O-O c5 11. Rc1 Ne4 12. Bxe7 Qxe7 13. Bb1 Rac8 14. dxc5 Nxc3 15. Rxc3 bxc5 16. Qd3 Nf6 17. Rfc1 g6 18. Qd1 Rfe8 19. h3 Qd6 20. Qa4 a6 21. Rb3 Rc7 22. Qa5 Nd7 23. Rbc3 Rec8 24. Ne1 Nb6 25. Ba2 c4 26. R3c2 d4 27. exd4 Qxd4 28. Rd2 Qf6 29. Rdc2 Rc5 30. Qc3 Qg5 31. Qd2 Qf6 32. Qc3 Qc6 33. Qg3 Re8 34. Nd3 Rf5 35. Bxc4 Qf6 36. Ne1 Rg5 37. Qc3 Qf4 38. Bf1 Rc8 39. Qe3 Qxe3 40. fxe3 Re8 41. Re2 Rge5 42. Kf2 Nd5 43. Nc2 a5 44. g4 Ba6 45. Ree1 Bxf1 46. Rxf1 Nxe3 47. Rfe1 Nxc2 48. Rxe5 Rxe5 49. Rxc2 h5 50. Kf3 Kg7 51. Kf4 Rb5 52. gxh5 Rxh5 53. Rc3 Rb5 54. Rc2 g5+ 55. Kg4 Kg6 56. Rd2 f5+ 57. Kg3 Rb3+ 58. Kg2 Kh5 59. Kh2 Kh4 60. Rd4+ f4 61. Rd2 Rxh3+ 62. Kg2 Rb3 63. Rc2 Kg4 64. Kh2 Rh3+ 65. Kg1 f3 66. b4 axb4 67. axb4 Kg3 68. b5 Rh6 69. Rb2 Rb6 70. Rb3 g4 71. Rb4 Re6 72. Rb1 f2+ 73. Kf1 Re3 74. b6 Kf3 75. b7 g3 76. Rb3 g2# 0-1

[Event "2nd Asian Nations Team Cup U14 2019"]
[Site "Shenzhen"]
[Date "2019.12.21"]
[Round "4.14"]
[White "Wei, Jianzhou"]
[Black "Tsogtbayar, Batlut"]
[Result "1-0"]
[ECO "D19"]
[WhiteElo "1755"]
[BlackElo "1404"]
[Annotator "NA RC"]
[PlyCount "115"]
[EventDate "2019.12.19"]
[EventType "team-tourn"]
[EventCountry "CHN"]
[SourceTitle "playchess.com"]
[Source "ChessBase"]
[SourceQuality "1"]
[TimeControl "5400+30"]

1. d4 d5 2. c4 c6 3. Nf3 Nf6 4. Nc3 dxc4 5. a4 Bf5 6. e3 e6 7. Bxc4 Bb4 8. O-O O-O 9. Qe2 Bg6 10. Ne5 Nbd7 11. Nxg6 hxg6 12. Rd1 Qe7 13. Na2 Bd6 14. e4 e5 15. d5 cxd5 16. Bxd5 Nc5 17. Nc3 Ne6 18. Nb5 Nd4 19. Nxd4 exd4 20. Bg5 Rfe8 21. Bxf6 Qxf6 22. Qg4 Rab8 23. Rd3 Re7 24. Rf3 Qe5 25. Rh3 Qf4 26. Qxg6 Rc7 27. g3 Qf6 28. Qh7+ Kf8 29. Rh5 g6 30. Qh8+ Ke7 31. Qxf6+ Kxf6 32. Rh7 g5 33. Rh6+ Ke7 34. e5 Bc5 35. Rh7 Rf8 36. Rc1 a5 37. Rg7 b6 38. h4 gxh4 39. gxh4 Ke8 40. e6 Bd6 41. exf7+ Kd8 42. Rxc7 Bxc7 43. Rg8 Ke7 44. h5 Bf4 45. Kf1 d3 46. Bc4 d2 47. Ke2 Bh6 48. Bb3 Bf4 49. f3 Be5 50. Kxd2 Bxb2 51. Kd3 Bf6 52. Ke4 Ba1 53. Kf5 Bf6 54. Rxf8 Kxf8 55. Kxf6 b5 56. h6 b4 57. Be6 b3 58. h7 1-0

[Event "2nd Asian Nations Team Cup U14 2019"]
[Site "Shenzhen"]
[Date "2019.12.21"]
[Round "4.17"]
[White "Han, Xuqian Ben"]
[Black "Wang, Benchi"]
[Result "0-1"]
[ECO "C77"]
[WhiteElo "1714"]
[BlackElo "1747"]
[Annotator "NA RC"]
[PlyCount "68"]
[EventDate "2019.12.19"]
[EventType "team-tourn"]
[EventCountry "CHN"]
[SourceTitle "playchess.com"]
[Source "ChessBase"]
[SourceQuality "1"]
[TimeControl "5400+30"]

1. e4 e5 2. Nf3 Nc6 3. Bb5 a6 4. Ba4 Nf6 5. d4 Nxe4 6. Qe2 Nd6 7. dxe5 Nf5 8. Qe4 g6 9. Bg5 Be7 10. Bxe7 Qxe7 11. Nc3 O-O 12. Nd5 Qc5 13. b4 Qa7 14. Nxc7 b5 15. Nxa8 bxa4 16. g4 Ng7 17. h4 Qxa8 18. h5 Bb7 19. hxg6 fxg6 20. Qd5+ Rf7 21. Ng5 Nd8 22. Qc4 Bxh1 23. O-O-O Qc6 24. Qxc6 Bxc6 25. Nxf7 Nxf7 26. f4 g5 27. f5 Nxe5 28. Rd4 h5 29. gxh5 Nxf5 30. Rd2 g4 31. Rd1 g3 32. Rg1 Nf3 33. Rg2 Ng5 34. Rg1 Nh3 0-1

[Event "2nd Asian Nations Team Cup U14 2019"]
[Site "Shenzhen"]
[Date "2019.12.21"]
[Round "4.18"]
[White "Zhang, Yuanxiao"]
[Black "Kannappan, Thanneermalai"]
[Result "1-0"]
[ECO "B22"]
[WhiteElo "1545"]
[BlackElo "1495"]
[Annotator "NA RC"]
[PlyCount "59"]
[EventDate "2019.12.19"]
[EventType "team-tourn"]
[EventCountry "CHN"]
[SourceTitle "playchess.com"]
[Source "ChessBase"]
[SourceQuality "1"]
[TimeControl "5400+30"]

1. e4 c5 2. c3 Nf6 3. e5 Nd5 4. d4 cxd4 5. Nf3 e6 6. cxd4 d6 7. Bc4 Nb6 8. Bb3 Nc6 9. O-O Be7 10. Nc3 O-O 11. Bf4 dxe5 12. dxe5 a6 13. Re1 Qc7 14. Qe2 Bd7 15. Rac1 Rac8 16. Bc2 Nb4 17. Bb1 Bc6 18. a3 N4d5 19. Nxd5 Nxd5 20. Bg5 h6 21. Qc2 f5 22. exf6 Nxf6 23. Bxf6 Rxf6 24. Qh7+ Kf7 25. Ne5+ Ke8 26. Bg6+ Kd8 27. Red1+ Bd6 28. Qg8+ Rf8 29. Qxf8+ Be8 30. Qxe8# 1-0